 Dungeon Crawl Stone Soup version 0.20.0-15-g7f486f2 (webtiles) character file.

3806 Jannitor the Covert (level 9, -7/47 HPs)
             Began as a Spriggan Necromancer on June 11, 2017.
             Was an Initiate of Gozag.
             Mangled by a hornet (15 damage)
             ... on level 10 of the Dungeon.
             The game lasted 00:20:49 (12216 turns).

Jannitor the Covert (Spriggan Necromancer)         Turns: 12216, Time: 00:20:51

Health: -7/47      AC:  3    Str:  4    XL:     9   Next: 96%
Magic:  13/22      EV: 24    Int: 19    God:    Gozag
Gold:   840        SH:  0    Dex: 17    Spells: 13/25 levels left

rFire    . . .     SeeInvis +   K - +1 short sword (elec)
rCold    . . .     Gourm    .   (shield restricted)
rNeg     . . .     Faith    .   a - +0 robe
rPois    .         Spirit   .   (helmet restricted)
rElec    .         Reflect  .   (no cloak)
rCorr    .         Harm     .   (gloves unavailable)
MR       +....                  (boots unavailable)
Stlth    ++++......             (no amulet)
Regen    0.2/turn               (no ring)
MPRegen  0.2/turn               (no ring)

@: lethally poisoned (-7 -> -31), very quick
A: unfitting armour, molten scales 1, see invisible, deformed body, herbivore 3,
speed 3, robust 1, slow metabolism 2
a: Potion Petition, Call Merchant, Bribe Branch, Renounce Religion


You were on level 10 of the Dungeon.
You worshipped Gozag.
Gozag was pleased with you.
You were very hungry.

You visited 2 branches of the dungeon, and saw 10 of its levels.

You collected 983 gold pieces.
You spent 97 gold pieces at shops.
You paid 46 gold pieces to Gozag.

Inventory:

Hand Weapons
 h - a +0 short sword
 G - a +2 rapier of speed
 K - a +1 short sword of electrocution (weapon)
Armour
 a - a +0 robe (worn)
Wands
 r - a wand of flame (18/48)
 y - a wand of flame (19/48)
 E - a wand of digging (13/24)
 H - a wand of lightning (8/15)
 J - a wand of disintegration (7/24)
Scrolls
 e - 3 scrolls of blinking
 f - a scroll of noise {unknown}
 i - 5 scrolls of remove curse {unknown}
 j - 11 scrolls of identify {unknown}
 m - 2 scrolls of teleportation {unknown}
 n - 2 scrolls of enchant armour {unknown}
 o - a scroll of recharging {unknown}
 p - 2 scrolls of amnesia {unknown}
 q - 2 scrolls of enchant weapon {unknown}
 t - a scroll of immolation {unknown}
 v - a scroll of magic mapping {unknown}
 B - a scroll of random uselessness {unknown}
 F - a scroll of fog {unknown}
Potions
 d - 6 potions of curing
 l - a potion of cancellation {unknown}
 s - 2 potions of lignification {unknown}
 u - a potion of agility {unknown}
 w - 2 potions of might {unknown}
 x - a potion of berserk rage {unknown}
 z - 3 potions of heal wounds {unknown}
 A - a potion of resistance {unknown}
 D - a potion of haste
 I - a potion of ambrosia {unknown}
Books
 b - a book of Necromancy

   Spells                             Type                      Level
   a - Pain                           Necromancy                   1
   b - Animate Skeleton               Necromancy                   1
   c - Vampiric Draining              Necromancy                   3
   d - Regeneration                   Charms/Necromancy            3
   e - Animate Dead                   Necromancy                   4
   f - Control Undead                 Necromancy                   4
 C - a book of Misfortune

   Spells                             Type                      Level
   a - Confusing Touch                Hexes                        1
   b - Confuse                        Hexes                        3
   c - Gell's Gravitas                Translocation                3
   d - Petrify                        Transmutation/Earth          4
   e - Metabolic Englaciation         Hexes/Ice                    5
   f - Yara's Violent Unravelling     Hexes/Transmutation          5
Comestibles
 c - 8 bread rations
 g - 7 fruits
 k - 3 royal jellies


   Skills:
 + Level 2.8 Fighting
 + Level 4.7 Short Blades
 + Level 9.0 Dodging
 - Level 9.9 Stealth
 + Level 8.8 Spellcasting
 - Level 4.8 Hexes
 + Level 6.2 Necromancy


You had 13 spell levels left.
You knew the following spells:

 Your Spells              Type           Power        Failure   Level  Hunger
a - Pain                  Necr           ####         1%          1    None
b - Vampiric Draining     Necr           ####......   1%          3    None
c - Control Undead        Necr           ####......   6%          4    ###....
d - Regeneration          Chrm/Necr      ###.......   7%          3    None
e - Confusing Touch       Hex            ####..       1%          1    None


Dungeon Overview and Level Annotations

Branches:
Dungeon (8/15)             Temple (1/1) D:6
   Lair: D:8-11

Altars:
Ashenzari
Dithmenos
Elyvilon
Fedhas
Gozag
Hepliaklqana
Kikubaaqudgha
Nemelex Xobeh
Okawaru
Qazlal
Ru
Sif Muna
Trog
Uskayaw
Vehumet
Xom
Yredelemnul
Zin
The Shining One
Beogh

Shops:
D:5 *   D:7 :   D:8 *

Annotations:
D:3 MirrMurr's ghost, amateur SpEn
D:5 Edmund


Innate Abilities, Weirdness & Mutations

You are very small and have problems with some larger weapons.
You are too small for most types of armour.
You have supernaturally acute eyesight. (SInv)
You are a herbivore.
You cover ground extremely quickly.
You need consume almost no food.
You are partially covered in molten scales. (AC +2)
Armour fits poorly on your strangely shaped body.
You are robust. (+10% HP)


Message History

Press: ? - help, Shift-Dir - straight line, f/p - hornet
Aim: a hornet (lightly wounded)
The hornet is heavily wounded.
You feel life coursing into your body.
* * * LOW HITPOINT WARNING * * *
You feel very sick. The hornet completely misses you. x2
Casting: Vampiric Draining
Confirm with . or Enter, or press ? or * to list all spells.
Aiming: Vampiric Draining
Press: ? - help, Shift-Dir - straight line, f/p - hornet
Aim: a hornet (heavily wounded)
The hornet is severely wounded.
You feel life coursing into your body.
You feel yourself speed up.
* * * LOW HITPOINT WARNING * * *
You feel very sick. The hornet barely misses you. The hornet stings you!
You die...
Your body crumbles into a pile of gold.

####'### #..##
##..# ##.#
####'## #.....# .
#.....##### ...
#...).'.y$##.....
##
#.....###@$'.....
.. #..)..#
####..... $
#.##.....# ....
#..'.....# ..
####.....#
##'#### #...#
####)####
#.......###


You could see a hornet.

Vanquished Creatures
  A komodo dragon (D:10)
  A hippogriff (D:7)
  Menkaure (D:7)
  3 orc warriors
  2 ice beasts
  4 sky beasts
  A phantom (D:6)
  2 ogres
  2 centaurs
  2 big kobolds
  4 bullfrogs
  Blork the orc (D:6)
  A wyvern skeleton (D:8)
  A scorpion (D:10)
  9 killer bees
  A wight (D:6)
  2 hounds
  A quasit (D:7)
  5 orc priests
  2 jellies (D:5)
  A gnoll shaman (D:4)
  A bullfrog skeleton (D:7)
  9 orc wizards
  3 iguanas
  5 worker ants
  A hound skeleton (D:7)
  13 gnolls
  A howler monkey skeleton (D:7)
  6 adders
  2 shadow imps
  2 oozes
  An adder zombie (D:5)
  An adder skeleton (D:8)
  3 worms (D:2)
  3 dart slugs
  5 leopard geckos
  23 orcs
  3 ball pythons
  4 bats
  3 giant cockroaches
  5 goblins
  14 hobgoblins
  12 jackals
  3 quokkas
  4 frilled lizards
  17 kobolds
  2 leopard gecko skeletons (D:4)
  7 rats
200 creatures vanquished.

Vanquished Creatures (collateral kills)
  3 wights (D:6)
  A crimson imp (D:7)
  5 orcs
9 creatures vanquished.

Vanquished Creatures (others)
  6 fungi (D:5)
  8 toadstools (D:5)
14 creatures vanquished.

Grand Total: 223 creatures vanquished

Notes
Turn   | Place    | Note
-------+----------+-------------------------------------------
     0 | D:1      | Jannitor the Spriggan Necromancer began the quest for the Orb.
     0 | D:1      | Reached XP level 1. HP: 9/9 MP: 5/5
   324 | D:1      | Reached XP level 2. HP: 8/13 MP: 1/7
  1210 | D:1      | Reached XP level 3. HP: 14/16 MP: 4/8
  2480 | D:2      | Learned a level 3 spell: Vampiric Draining
  2522 | D:2      | Reached XP level 4. HP: 10/21 MP: 3/10
  3569 | D:3      | Noticed a bullfrog
  3574 | D:3      | Killed a bullfrog
  3574 | D:3      | Reached skill level 5 in Stealth
  3574 | D:3      | Reached XP level 5. HP: 19/24 MP: 7/12
  3641 | D:3      | Noticed MirrMurr's ghost (amateur SpEn)
  3864 | D:3      | Learned a level 4 spell: Control Undead
  3946 | D:2      | Gained mutation: Armour fits poorly on your strangely shaped body. [potion of mutation]
  3946 | D:2      | Gained mutation: You are partially covered in molten scales. (AC +2) [potion of mutation]
  3946 | D:2      | Gained mutation: You are robust. (+10% HP) [potion of mutation]
  4984 | D:4      | Learned a level 3 spell: Regeneration
  5058 | D:4      | Reached skill level 1 in Short Blades
  5058 | D:4      | Reached XP level 6. HP: 27/30 MP: 9/14
  5105 | D:4      | Reached skill level 5 in Spellcasting
  5315 | D:4      | Reached skill level 5 in Necromancy
  5940 | D:4      | Reached XP level 7. HP: 22/35 MP: 9/16
  6268 | D:5      | Entered Level 5 of the Dungeon
  6279 | D:5      | Found a stormy altar of Qazlal.
  6481 | D:5      | Found an iron altar of Okawaru.
  7123 | D:5      | Found an opulent altar of Gozag.
  7143 | D:5      | Became a worshipper of Gozag Ym Sagoz the Greedy
  7153 | D:5      | Found Zin's Purification Station.
  7153 | D:5      | Found a glowing silver altar of Zin.
  7582 | D:5      | Reached skill level 5 in Dodging
  7624 | D:5      | Noticed a slime creature
  7624 | D:5      | Noticed a slime creature
  7624 | D:5      | Noticed a slime creature
  7624 | D:5      | Noticed Edmund
  7631 | D:5      | Reached XP level 8. HP: 32/39 MP: 12/18
  7974 | D:6      | Noticed Blork the orc
  8000 | D:6      | Killed Blork the orc
  8247 | D:6      | Found a staircase to the Ecumenical Temple.
  8256 | Temple   | Entered the Ecumenical Temple
  8848 | D:7      | Noticed Menkaure
  8855 | D:7      | Learned a level 1 spell: Confusing Touch
  8878 | D:7      | Your ally died
  8961 | D:7      | Found a shimmering altar of Xom.
  8983 | D:7      | Reached skill level 1 in Hexes
  9418 | D:7      | Found a sparkling altar of Nemelex Xobeh.
  9549 | D:7      | Found Fuexteal's Book Emporium.
  9646 | D:7      | Noticed a hippogriff
  9655 | D:7      | Killed a hippogriff
  9847 | D:8      | Found Caybeid's General Store.
  9856 | D:8      | Bought a scroll of blinking for 97 gold pieces
  9884 | D:8      | Reached XP level 9. HP: 24/42 MP: 12/21
  9998 | D:8      | Reached skill level 1 in Fighting
 11137 | D:8      | You fall through a shaft for 2 floors!
 11137 | D:10     | Entered Level 10 of the Dungeon
 11137 | D:10     | Noticed a komodo dragon
 11159 | D:10     | Killed a komodo dragon
 11985 | D:10     | Found a roughly hewn altar of Beogh.
 11989 | D:10     | Noticed an orc knight
 12213 | D:10     | Paralysed by a hornet for 2 turns
 12216 | D:10     | Mangled by a hornet

Skill      XL: |  1  2  3  4  5  6  7  8  9 |
---------------+----------------------------+-----
Spellcasting   | 3 4 5 6 7 8 |  8.8
Necromancy     | 4 5 6 |  6.2
Stealth        | 4 5 6 7 8 9 |  9.9
Short Blades   | 1 2 4 |  4.7
Dodging        | 5 7 9 |  9.0
Hexes          | 2 4 |  4.8
Fighting       | 2 |  2.8

Action                   |  1- 3 |  4- 6 |  7- 9 || total
-------------------------+-------+-------+-------++-------
Melee: Short sword       |       |    26 |    80 ||   106
       Rapier            |       |       |    28 ||    28
 Cast: Pain              |    86 |   142 |   276 ||   504
       Vampiric Draining |       |     3 |    43 ||    46
       Control Undead    |       |     1 |     9 ||    10
       Regeneration      |       |       |     2 ||     2
  Use: Potion            |       |     4 |       ||     4
 Stab: Sleeping          |       |       |     2 ||     2
       Distracted        |       |       |     2 ||     2
  Eat: Fruit             |       |     1 |     8 ||     9
Armor: Robe              |     1 |     7 |     6 ||    14
Dodge: Dodged            |     8 |    48 |   221 ||   277
